 Dungeon Crawl Stone Soup version 0.31-a0-232-gb1c03b2570 (webtiles) character file.

Game seed: 15185059706962114419

102 qw the Shooter (level 4, -9/36 HPs)
             Began as a Minotaur Hexslinger on July 7, 2023.
             Engulfed by a steam dragon's steam (11 damage)
             ... on level 6 of the Dungeon.
             The game lasted 00:00:46 (2052 turns).

qw the Shooter (Minotaur Hexslinger)                Turns: 2052, Time: 00:00:46

Health: -9/36      AC:  6    Str: 12    XL:     4   Next: 49%
Magic:  4/4        EV: 11    Int: 10    God:
Gold:   95         SH:  0    Dex: 15    Spells: 4/5 levels left

rFire   . . .        Y - +1 sling
rCold   . . .        (no shield)
rNeg    . . .        i - +0 ring mail
rPois   .            (helmet restricted)
rElec   .            (no cloak)
rCorr   .            (no gloves)
SInv    .            g - +0 pair of boots
Will    .....        (no amulet)
Stlth   +            (no ring)
HPRegen 0.26/turn    (no ring)
MPRegen 0.09/turn

%: no passive effects
@: about to teleport
A: horns 2, retaliatory headbutt
a: no special abilities


You were on level 6 of the Dungeon.
You visited 1 branch of the dungeon, and saw 4 of its levels.

You collected 139 gold pieces.
You spent 44 gold pieces at shops.


Innate Abilities, Weirdness & Mutations

You have a pair of horns on your head.
You reflexively headbutt those who attack you in melee.


   Skills:
 - Level 2.0 Fighting
 + Level 4.7 Ranged Weapons
 - Level 1.4 Armour
 - Level 2.1 Dodging
 - Level 1.0 Spellcasting
 - Level 2.0 Hexes


You had 4 spell levels left.
You knew the following spells:

 Your Spells              Type           Power      Damage    Failure   Level
a - Slow                  Hex            16%        N/A       32%         1

Your spell library contained the following spells:

 Spells                   Type           Power      Damage    Failure   Level
 Inner Flame              Hex/Fire       2%         N/A       83%         3
 Portal Projectile        Hex/Tloc       4%         N/A       83%         3
 Cause Fear               Hex            2%         N/A       97%         4

Inventory:

Hand Weapons
 Y - a +1 sling (weapon)
Armour
 g - a +0 pair of boots (worn)
 i - a +0 ring mail (worn)
Scrolls
 a - a scroll of identify
Potions
 b - a potion of mutation
 d - a potion of cancellation {unknown}
 h - 3 potions of curing

Dungeon Overview and Level Annotations

Branches:
Dungeon (3/15)

Altars:
Uskayaw

Shops:
D:1 [


Message History

The hound is moderately wounded.
The hound barely misses you.
You shoot a sling bullet.
The sling bullet barely misses the hound.
The hound barely misses you. You furiously retaliate!
You headbutt the hound. You shoot a sling bullet.
The sling bullet hits the hound.
The hound is severely wounded.
The hound bites you but does no damage. The hound bites you.
You shoot a sling bullet.
The sling bullet closely misses the hound.
The hound barely misses you. The hound misses you.
You shoot a sling bullet. The sling bullet hits the hound!
You kill the hound!
A steam dragon comes into view.
The steam dragon hisses angrily.
You shoot a sling bullet. The sling bullet hits the steam dragon.
The steam dragon is lightly wounded.
The steam dragon breathes steam at you. The ball of steam hits you!
2045 ||| Stepping ~*~*~tactically~*~*~ (cloud).
You start resting.
A steam dragon is nearby!
You shoot a sling bullet.
The sling bullet hits the steam dragon but does no damage.
The steam dragon is lightly wounded.
The steam dragon breathes steam at you. The ball of steam hits you!
You shoot a sling bullet.
The sling bullet barely misses the steam dragon.
You are engulfed in a cloud of scalding steam.
2051 ||| READING scroll of teleportation.
As you read the scroll of teleportation, it crumbles to dust.
You feel strangely unstable.
You are engulfed in a cloud of scalding steam.
The steam dragon bites you but does no damage.
The steam dragon claws you but does no damage.
You shoot a sling bullet.
The sling bullet closely misses the steam dragon.
You are engulfed in a cloud of scalding steam.
You die...

#.# ..# #.# ... #.#
# #.# #.# #. #.#
#########.#
#.###.###......##¤#
.......##.####.##¤#
#......#.......##D#
#...#..#....¤@.#
##.##..#.##.####
#..........#
####.#####.#
#.......# #########


You could see a steam dragon.

Vanquished Creatures
  A hound (D:6)
  2 adders (D:2)
  A worm (D:2)
  A dart slug (D:1)
  3 endoplasms
  2 giant cockroaches (D:2)
  5 goblins
  5 hobgoblins
  A jackal (D:1)
  4 kobolds
  A quokka (D:1)
  8 ball pythons
  6 bats
  4 frilled lizards
  6 rats
50 creatures vanquished.

Notes
Turn   | Place    | Note
-------+----------+-------------------------------------------
     0 | D:1      | qw the Minotaur Hexslinger began the quest for the Orb.
     0 | D:1      | Reached XP level 1. HP: 16/16 MP: 1/1
     0 | D:1      | 0 ||| qw: Version: 0.3-a-46-gb1f654a
     0 | D:1      | 0 ||| qw: Game counter: 2553
     0 | D:1      | 0 ||| qw: Melee chars always use a shield: true
     0 | D:1      | 0 ||| qw: God list: Okawaru
     0 | D:1      | 0 ||| qw: Allow faded altars: false
     0 | D:1      | 0 ||| qw: Do Orc after clearing Dungeon:15 true
     0 | D:1      | 0 ||| qw: Do second Lair branch before Depths: true
     0 | D:1      | 0 ||| qw: Lair rune preference: random
     0 | D:1      | 0 ||| qw: Goals: Normal
     0 | D:1      | 0 ||| PLANNING D:1-11
   283 | D:1      | 283 ||| FLEEEEING.
   284 | D:1      | 284 ||| FLEEEEING.
   285 | D:1      | 285 ||| FLEEEEING.
   286 | D:1      | 286 ||| FLEEEEING.
   304 | D:1      | Reached skill level 3 in Ranged Weapons
   304 | D:1      | Reached XP level 2. HP: 23/23 MP: 2/2
   316 | D:1      | Found Jacvor's Armour Shoppe.
   339 | D:1      | 339 ||| BUYING +0 ring mail (44 gold).
   339 | D:1      | Bought a +0 ring mail for 44 gold pieces
   790 | D:1      | Reached XP level 3. HP: 29/29 MP: 3/3
   933 | D:1      | 933 ||| UPGRADING to +0 leather armour.
   943 | D:1      | 943 ||| DROPPING +0 robe.
   944 | D:1      | 944 ||| UPGRADING to +0 pair of boots.
   949 | D:1      | 949 ||| UPGRADING to +0 ring mail.
   959 | D:1      | 959 ||| DROPPING +0 leather armour.
   960 | D:1      | 960 ||| READING 2 scrolls labelled YTTAD CYNE.
   961 | D:1      | 961 ||| READING scroll labelled XUTUMIUWEX.
   962 | D:1      | 962 ||| DRINKING 3 fuming clear potions.
   963 | D:1      | 963 ||| DROPPING scroll of poison.
  1078 | D:2      | Found a hide-covered altar of Uskayaw.
  1180 | D:2      | Reached skill level 4 in Ranged Weapons
  1191 | D:2      | 1191 ||| FLEEEEING.
  1192 | D:2      | 1192 ||| FLEEEEING.
  1193 | D:2      | 1193 ||| FLEEEEING.
  1194 | D:2      | 1194 ||| FLEEEEING.
  1195 | D:2      | 1195 ||| FLEEEEING.
  1196 | D:2      | 1196 ||| FLEEEEING.
  1197 | D:2      | 1197 ||| FLEEEEING.
  1198 | D:2      | 1198 ||| FLEEEEING.
  1199 | D:2      | 1199 ||| FLEEEEING.
  1200 | D:2      | 1200 ||| FLEEEEING.
  1201 | D:2      | 1201 ||| FLEEEEING.
  1202 | D:2      | 1202 ||| FLEEEEING.
  1203 | D:2      | 1203 ||| FLEEEEING.
  1204 | D:2      | 1204 ||| FLEEEEING.
  1205 | D:2      | 1205 ||| FLEEEEING.
  1206 | D:2      | 1206 ||| FLEEEEING.
  1213 | D:2      | 1213 ||| FLEEEEING.
  1214 | D:2      | 1214 ||| FLEEEEING.
  1215 | D:2      | 1215 ||| FLEEEEING.
  1216 | D:2      | 1216 ||| FLEEEEING.
  1217 | D:2      | 1217 ||| FLEEEEING.
  1218 | D:2      | 1218 ||| FLEEEEING.
  1219 | D:2      | 1219 ||| FLEEEEING.
  1220 | D:2      | 1220 ||| FLEEEEING.
  1221 | D:2      | 1221 ||| FLEEEEING.
  1222 | D:2      | 1222 ||| FLEEEEING.
  1223 | D:2      | 1223 ||| FLEEEEING.
  1224 | D:2      | 1224 ||| FLEEEEING.
  1225 | D:2      | 1225 ||| STAIRDANCE
  1464 | D:2      | Found a faded altar of an unknown god.
  1477 | D:2      | Reached skill level 1 in Armour
  1698 | D:2      | Reached XP level 4. HP: 36/36 MP: 4/4
  1946 | D:2      | 1946 ||| READING 2 scrolls labelled HUUDUB NITIROVESM.
  1949 | D:2      | 1949 ||| READING scroll labelled RECOZI ISUTOG.
  1950 | D:2      | 1950 ||| READING scroll labelled LOLA ESAFI.
  1951 | D:2      | 1951 ||| READING 2 scrolls of identify.
  1951 | D:2      | 1951 ||| IDENTIFYING metallic purple potion
  2020 | D:3      | You fall into a shaft and drop 3 floors!
  2043 | D:6      | Noticed a steam dragon
  2045 | D:6      | 2045 ||| Stepping ~*~*~tactically~*~*~ (cloud).
  2050 | D:6      | HP: 7/36 [steam dragon] (6)]
  2051 | D:6      | 2051 ||| READING scroll of teleportation.
  2051 | D:6      | HP: 2/36 [steam dragon] (6)]
  2052 | D:6      | Engulfed by a steam dragon's steam

Levels and vault maps discovered:
D:1:      dpeg_arrival_brainrot, layout_basic, serial_shops, shop,
          serial_forest, infiniplex_forest_split, infiniplex_forest_straight_5,
          infiniplex_forest_end_2, infiniplex_forest_zigzag_1,
          infiniplex_forest_end_1, infiniplex_forest_lined_1,
          infiniplex_forest_join, infiniplex_forest_clump_small,
          infiniplex_forest_pool, minmay_pentomino_w4
D:2:      layout_basic, dreamdust_ecumenical_altar_statues, basic_altar,
          minmay_quantized
D:3:      layout_basic, uniq_sigmund
D:6:      layout_loops_cross, uniq_pikel

Skill      XL: |  1  2  3 |
---------------+----------+-----
Ranged Weapons | 3 4 |  4.7
Fighting       | 2 |  2.0
Armour         | 1 |  1.4
Dodging        | |  2.1
Spellcasting   | |  1.0
Hexes          | |  2.0

Action                     |  1- 3 |  4- 6 || total
---------------------------+-------+-------++-------
   Fire: Sling             |   122 |    20 ||   142
    Use: Scroll            |     2 |     5 ||     7
         Potion            |     1 |       ||     1
 Armour: Robe              |     3 |       ||     3
         Ring mail         |    10 |     4 ||    14
  Dodge: Dodged            |    29 |     5 ||    34

Table legend:
 A = Non-vault XP
 B = Vault XP
 C = Vault XP percentage of total XP
 D = Non-vault monster count
 E = Vault monster count
 F = Vault count percentage of total count
                 A         B        C        D         E       F
            +---------+---------+-------+---------+---------+-------
      Total |     115 |      31 |  21.2 |      38 |      12 |  24.0
            +---------+---------+-------+---------+---------+-------
        D:1 |      29 |      13 |  31.0 |      19 |       7 |  26.9
        D:2 |      39 |      18 |  31.6 |      15 |       5 |  25.0
        D:3 |       4 |       0 |   0.0 |       3 |       0 |   0.0
        D:6 |      43 |       0 |   0.0 |       1 |       0 |   0.0
            +---------+---------+-------+---------+---------+-------
